AoeStats
← Michal Petr

Arena

509667389Analyzed
2v2 RM · 6d ago on Sep 27, 2026· 64m 23s· 4 players
Game mode
Random Map
Map size
Medium (4 player)
Population
200
Speed
Normal
Resources
Standard
Victory
Conquest
Starting age
Dark Age
Ending age
Imperial Age
RankedLock teamsTeams togetherTeam positionsShared explorationLock speedFull tech treeHidden civsTurbo modeCheats
Victory
Defeat
🇺🇸 Bohemians · United States
1005
+15
🇺🇸 Varangians · United States
1003
+16
🇨🇿 Burgundians · Czechia
994
-15
🇨🇿 Khmer · Czechia
994
-16
Adam Vlček
4:50 Double-Bit Axe
7:05 Horse Collar
8:16 Loom
11:25 Feudal Age
11:39 Gold Mining
13:28 Stone Mining
15:07 Wheelbarrow
17:52 Castle Age
16:39 Scale Barding Armor
18:59 Forging
26:17 Iron Casting
32:48 Wheelbarrow
33:24 Chain Barding Armor
38:21 Imperial Age
39:28 Elite Coustillier
40:11 Padded Archer Armor
42:09 Chemistry
42:34 Leather Archer Armor
45:54 Conscription
52:15 Murder Holes
52:32 Masonry
Michal Petr
5:43 Loom
11:30 Feudal Age
15:12 Castle Age
16:19 Wheelbarrow
16:20 Double-Bit Axe
18:02 Scale Barding Armor
19:44 Bow Saw
19:16 Horse Collar
22:06 Bloodlines
23:17 Gold Mining
25:02 Town Watch
26:28 Hand Cart
31:13 Imperial Age
28:41 Stone Mining
28:54 Heavy Plow
29:13 Forging
31:01 Ballistics
30:37 Murder Holes
31:25 Hand Cart
31:56 Gold Shaft Mining
33:58 Tusk Swords
35:51 Chain Barding Armor
36:07 Iron Casting
35:24 Fletching
34:59 Elite Battle Elephant
35:40 Husbandry
37:36 Plate Barding Armor
38:18 Heavy Scorpion
39:01 Heavy Scorpion
48:05 Double Crossbow
49:09 Blast Furnace
49:50 Caravan
50:41 Light Cavalry
51:51 Hussar
53:16 Conscription
52:27 Sappers
MoistureFarm
4:00 Loom
11:42 Feudal Age
16:20 Castle Age
14:36 Double-Bit Axe
15:37 Horse Collar
18:44 Fervor
22:51 Bow Saw
22:45 Heavy Plow
24:19 Wheelbarrow
24:13 Squires
24:14 Pikeman
28:50 Forging
28:40 Scale Mail Armor
31:25 Imperial Age
29:45 Hand Cart
32:15 Chemistry
32:07 Chain Mail Armor
32:28 Iron Casting
32:12 Halberdier
34:35 Town Watch
36:29 Wagenburg Tactics
36:18 Elite Skirmisher
38:19 Blast Furnace
37:50 Plate Mail Armor
37:21 Padded Archer Armor
37:12 Fletching
44:07 Houfnice
44:54 Murder Holes
45:28 Ballistics
47:56 Leather Archer Armor
47:38 Bodkin Arrow
SCOTTICU5
10:58 Feudal Age
14:54 Castle Age
13:32 Double-Bit Axe
13:30 Horse Collar
14:12 Loom
15:57 Heavy Plow
22:05 Bow Saw
27:56 Imperial Age
25:13 Town Watch
25:46 Pikeman
28:08 Squires
28:25 Forging
32:09 Halberdier
32:38 Arson
33:36 Iron Casting
33:03 Scale Mail Armor
33:37 Gambesons
36:32 Crop Rotation
37:05 Two-Man Saw
36:49 Wheelbarrow
36:16 Town Patrol
36:15 Gothikon
37:17 Conscription
38:30 Chain Mail Armor
39:16 Blast Furnace
39:46 Capped Ram
42:21 Plate Mail Armor
42:18 Siege Ram
46:46 Siege Engineers
48:21 Treadmill Crane
49:53 Heavy Scorpion
54:36 Ballistics
54:24 Man-at-Arms
55:19 Long Swordsman
55:59 Two-Handed Swordsman
58:26 Fletching
58:36 Padded Archer Armor
59:41 Chemistry
58:06 Elite Skirmisher
58:54 Elite Jarl
59:48 Scale Barding Armor
59:42 Bodkin Arrow
62:49 Chain Barding Armor
62:31 Bracer
Connection lost

Rejoining the realm…

Still unreachable

The connection could not be restored.

Session expired

The server has moved on; the page needs a fresh start.